Get step-by-step instructions on how to execute this build order below. Start the game timer, and the build order will tick by so you can play in parallel with StarCraft on a second screen or mobile device.

Game Time

  0:00

Last Step

  N/A

Next Step

  12  0:32  Probe  

Upcoming Step

  13  0:41  Pylon  

Don't want to look back and forth between 2 screens? Try out our Overwolf App, the Spawning Tool Build Advisor to get an in-game overlay with this build!

Complete Build Order

  12  0:32  Probe  
  13  0:41  Pylon  
  13  0:43  Pylon  
  13  0:44  Probe  
  14  0:56  Probe  
  15  0:59  Nexus  
  15  1:02  Assimilator  
  15  1:06  Assimilator  
  15  1:08  Probe  
  15  1:09  Gateway  
  16  1:13  Forge  
  16  1:18  Pylon  
  16  1:21  Probe  
  17  2:28  Pylon  
  17  7:17  Probe  
  18  7:25  Probe  
  18  7:28  Cybernetics Core  
  18  7:29  Pylon  
  19  7:33  Gateway  
  19  7:35  Probe  
  19  7:40  Pylon  
  19  7:41  Pylon  
  19  7:43  Probe  
  20  7:45  Assimilator  
  20  7:46  Assimilator  
  20  7:49  Protoss Shields Level 1  
  20  7:51  Probe  
  21  7:57  Pylon  
  22  8:01  Probe, Pylon  
  23  8:07  Pylon  
  23  8:12  Probe  
  24  8:20  Probe  
  25  8:29  Probe  
  26  8:38  Probe, Twilight Council  
  26  8:39  Robotics Facility  
  26  8:40  Probe  
  26  8:41  Stargate  
  27  8:42  Stargate  
  27  8:46  Probe, Pylon x2  
  28  8:48  Probe, Pylon  
  28  8:55  Probe  
  30  8:58  Probe  
  32  9:06  Probe  
  32  9:08  Cybernetics Core  
  33  9:10  Probe, Forge  
  33  9:12  Photon Cannon  
  33  9:14  Photon Cannon  
  34  9:18  Probe  
  34  9:19  Photon Cannon x2  
  34  9:21  Photon Cannon  
  34  9:22  Photon Cannon, Probe, Blink  
  36  9:24  Pylon  
  36  9:28  Warp Prism  
  36  9:29  Photon Cannon, Dark Shrine  
  36  9:30  Photon Cannon  
  46  9:32  Photon Cannon  
  46  9:33  Photon Cannon  
  46  9:34  Photon Cannon  
  46  9:36  Void Ray x2  
  46  9:37  Probe  
  46  9:39  Probe  
  46  9:40  Robotics Bay  
  46  9:41  Photon Cannon  
  46  9:42  Photon Cannon  
  48  9:45  Probe  
  48  9:51  Probe, Protoss Ground Weapons Level 1  
  50  9:55  Probe  
  50  9:57  Protoss Shields Level 2  
  51  10:03  Probe  
  51  10:04  Pylon, Observer  
  53  10:07  Protoss Air Weapons Level 1, Probe  
  53  10:10  Protoss Air Armor Level 1  
  54  10:16  Pylon  
  54  10:19  Probe  
  55  10:27  Pylon  
  55  10:28  Gravitic Drive  
  55  10:39  Gateway  
  55  10:40  Gateway, Pylon  
  55  10:42  Gateway  
  63  10:43  Gateway  
  63  10:45  Gateway, Shadow Stride  
  63  10:47  Gateway, Void Ray x2  
  63  10:49  Gateway, Probe  
  63  10:53  Gateway  
  64  10:57  Probe  
  64  11:00  Pylon  
  64  11:02  Pylon  
  65  11:07  Probe, Pylon  
  66  11:19  Probe  
  66  11:21  Fleet Beacon  
  66  11:22  Photon Cannon  
  66  11:23  Charge  
  66  11:24  Stargate  
  66  11:25  Gravitic Boosters  
  67  11:26  Pylon  
  67  11:30  Shield Battery x2  
  67  11:32  Photon Cannon  
  67  11:36  Photon Cannon  
  75  11:43  Warp Gate, Void Ray x2  
  75  11:52  Protoss Ground Armor Level 1  
  75  12:15  Photon Cannon x2  
  75  12:18  Photon Cannon  
  75  12:19  Photon Cannon  
  75  12:21  Photon Cannon  
  75  12:23  Protoss Air Weapons Level 2, Pylon  
  75  12:27  Photon Cannon, Flux Vanes  
  75  12:29  Protoss Ground Weapons Level 2  
  87  12:38  Void Ray  
  87  12:39  Void Ray x2  
  87  12:40  Stargate  
  87  12:43  Pylon  
  87  12:47  Photon Cannon  
  87  12:49  Photon Cannon  
  87  12:52  Photon Cannon  
  87  12:54  Pylon  
  87  13:33  Void Ray  
  87  13:34  Void Ray x3  
  103  13:40  Protoss Air Armor Level 2  
  103  13:47  Photon Cannon  
  103  13:49  Stargate  
  103  13:52  Photon Cannon  
  103  13:54  Protoss Shields Level 3, Photon Cannon  
  103  13:56  Photon Cannon  
  103  13:57  Pylon  
  103  14:11  Dark Templar  
  103  14:12  Dark Templar x4  
  103  14:13  Dark Templar x3  
  111  14:45  Void Ray x3  
  126  14:46  Void Ray x2  
  126  15:04  Unknown  
  126  15:10  Protoss Ground Weapons Level 3  
  126  15:30  Protoss Air Weapons Level 3  
  126  15:41  Nexus  
  142  16:21  Void Ray x3  
  142  16:22  Void Ray  
  142  16:23  Nexus  
  142  16:39  Void Ray  
  146  16:41  Protoss Ground Armor Level 2  
  146  17:10  Protoss Air Armor Level 3  
  146  17:15  Pylon  
  146  17:17  Pylon  
  146  17:22  Pylon  
  138  17:29  Void Ray x2  
  158  17:30  Void Ray x3  
  157  17:57  Photon Cannon  
  157  17:58  Photon Cannon, Probe  
  158  17:59  Photon Cannon  
  158  18:04  Photon Cannon  
  158  18:05  Photon Cannon  
  158  18:10  Probe  
  159  18:22  Probe  
  160  18:34  Probe  
  144  19:02  Void Ray x4  
  164  19:03  Void Ray  
  164  19:08  Pylon  
  148  19:30  Dark Templar x3  
  148  19:31  Dark Templar  
  144  19:45  Void Ray  
  152  20:03  Void Ray x3  
  152  20:04  Void Ray  
  152  20:28  Void Ray  
  156  21:30  Photon Cannon  
  156  21:31  Photon Cannon  
  156  21:32  Pylon  
  156  21:45  Nexus  
  156  21:55  Nexus  
  156  22:02  Nexus  
  156  22:11  Photon Cannon  
  156  22:12  Photon Cannon  
  156  22:25  Photon Cannon  
  156  22:27  Photon Cannon, Probe  
  157  22:39  Probe  
  157  22:43  Shield Battery  
  157  22:44  Shield Battery  
  158  22:45  Shield Battery  
  158  22:50  Pylon  
  158  23:04  Shield Battery